 Seeded DCSS version 0.28-a0-1286-g6bde065e89 (webtiles) character file.

Game seed: 4200142385990743409 (custom seed)

89 croobank the Conjurer (level 4, -4/27 HPs)
             Began as an Octopode Conjurer on Dec 26, 2021.
             Slain by a gnoll (7 damage)
             ... on level 2 of the Dungeon.
             The game lasted 00:09:13 (2047 turns).

croobank the Conjurer (Octopode Conjurer)           Turns: 2047, Time: 00:09:37

Health: -4/27      AC:  3    Str:  8    XL:     4   Next: 55%
Magic:  1/8        EV: 13    Int: 20    God:
Gold:   29         SH:  0    Dex: 10    Spells: 2/8 levels left

rFire   . . .      SeeInvis .   (no weapon)
rCold   . . .      Faith    .   (no shield)
rNeg    . . .      Spirit   .   i - +2 hat
rPois   .          Reflect  .   (no amulet)
rElec   .          Harm     .   (no ring)
rCorr   .          Rampage  .   (no ring)
Will    .....                   (no ring)
Stlth   +++.......              (no ring)
HPRegen 0.09/turn               (no ring)
MPRegen 0.11/turn               (no ring)
                                (no ring)
                                (no ring)

@: no status effects
A: almost no armour, amphibious, 8 rings, camouflage 1, gelatinous body 1,
(nimble swimmer 1), tentacles
a: no special abilities


You were on level 2 of the Dungeon.
You visited 1 branch of the dungeon, and saw 2 of its levels.

You collected 29 gold pieces.

Inventory:

Hand Weapons
 a - a +0 mace
 c - a +0 rapier
 e - a +0 short sword
Missiles
 f - 21 arrows
 g - 14 stones
Armour
 i - a +2 hat (worn)
Scrolls
 b - a scroll of enchant weapon {enchant weapon, unknown}
 d - a scroll of identify {identify, unknown}
 h - a scroll of acquirement {acquirement}


   Skills:
 + Level 2.8 Dodging
 + Level 4.0 Stealth
 + Level 2.7 Spellcasting
 + Level 4.5 Conjurations


You had 2 spell levels left.
You knew the following spells:

 Your Spells              Type           Power      Damage    Failure   Level
a - Magic Dart            Conj           80%        1d7       2%          1
b - Searing Ray           Conj           40%        2d5       3%          2
c - Dazzling Flash        Conj/Hex       22%        N/A       17%         3

Your spell library contained the following spells:

 Spells                   Type           Power      Damage    Failure   Level
 Fulminant Prism          Conj/Hex       5%         3d7       50%         4
 Iskenderun's Mystic Bla  Conj/Tloc      11%        2d4       50%         4


Dungeon Overview and Level Annotations

Branches:
Dungeon (2/15)

Altars:


Innate Abilities, Weirdness & Mutations

You cannot wear most types of armour.
You are amphibious.
You can wear up to eight rings at the same time.
Your skin changes colour to match your surroundings (Stealth+).
Your rubbery body absorbs attacks. (AC +1, EV +1)
((You are camouflaged when in or above water. (Stealth+)))
You have tentacles for arms and can constrict up to eight enemies at once.


Message History

Aim: a gnoll, wielding a +0 flail and wearing a +0 leather armour (heavily wounded, 81% to hit)
The searing ray hits the gnoll.
The gnoll is severely wounded. (Press . to maintain the ray.)
The searing ray hits the gnoll but does no damage.
The gnoll is severely wounded.
Casting: Searing Ray (safe; 3% risk of failure)
Confirm with . or Enter, or press ? or * to list all spells.
Aiming: Magic Dart (safe; 2% risk of failure)
Press: ? - help, Shift-Dir - straight line, f/p - gnoll
Aim: a gnoll, wielding a +0 flail and wearing a +0 leather armour (severely wounded, 100% to hit)
The magic dart hits the gnoll but does no damage.
The gnoll is severely wounded.
The gnoll barely misses you.
You tentacle-slap the gnoll but do no damage.
Your grab misses the gnoll.
The gnoll is severely wounded.
The gnoll hits you with a +0 flail.
You tentacle-slap the gnoll. Your grab misses the gnoll.
Your squeeze misses the gnoll.
The gnoll is almost dead.
The gnoll barely misses you.
You tentacle-slap the gnoll but do no damage.
Your grab misses the gnoll.
The gnoll is almost dead.
The gnoll hits you with a +0 flail!
You tentacle-slap the gnoll but do no damage.
Your grab misses the gnoll.
The gnoll is almost dead.
The gnoll hits you with a +0 flail!
* * * LOW HITPOINT WARNING * * *
Casting: Magic Dart (safe; 2% risk of failure)
Confirm with . or Enter, or press ? or * to list all spells.
Aiming: Magic Dart (safe; 2% risk of failure)
Press: ? - help, Shift-Dir - straight line, f/p - gnoll
Aim: a gnoll, wielding a +0 flail and wearing a +0 leather armour (almost dead, 100% to hit)
The magic dart hits the gnoll but does no damage.
The gnoll is almost dead.
The gnoll hits you with a +0 flail!
You die...

#.....#.#
#.....#.#
##....#.#
#.#..#.#
#.#..#.#
#.#.)#.#
####..#.#.#
....#.#.#.#
....'..@..#
....##.g.##
. ##...#
#....#
#....#
#....#
#....#
.......##..#
....... ..#


You could see a gnoll.

Vanquished Creatures
  Jessica (D:2)
  3 gnolls (D:2)
  A dart slug (D:2)
  2 endoplasms (D:1)
  3 giant cockroaches (D:1)
  5 goblins (D:1)
  4 hobgoblins
  A kobold (D:1)
  2 quokkas (D:1)
  A ball python (D:1)
  4 bats (D:1)
  3 frilled lizards
  3 rats (D:1)
33 creatures vanquished.

Notes
Turn   | Place    | Note
-------+----------+-------------------------------------------
     0 | D:1      | croobank the Octopode Conjurer began the quest for the Orb.
     0 | D:1      | Reached XP level 1. HP: 11/11 MP: 3/3
    89 | D:1      | Found a faded altar of an unknown god.
   391 | D:1      | Reached XP level 2. HP: 13/17 MP: 0/5
  1017 | D:1      | Reached XP level 3. HP: 21/21 MP: 1/6
  1465 | D:2      | Learned a level 2 spell: Searing Ray
  1469 | D:2      | Learned a level 3 spell: Dazzling Flash
  1479 | D:2      | Noticed Jessica
  1490 | D:2      | Killed Jessica
  1661 | D:2      | Reached XP level 4. HP: 27/27 MP: 0/7
  1756 | D:2      | Identified 2 scrolls of acquirement {acquirement}
  1756 | D:2      | Acquired a +2 hat
  2047 | D:2      | Slain by a gnoll

Illustrated notes

Levels and vault maps discovered:
D:1:      dpeg_arrival_fog, layout_loops_ring, nicolae_ecumenical_lake_church,
          chequers_mini_garden
D:2:      layout_basic, uniq_jessica

Skill      XL: |  1  2  3  4 |
---------------+-------------+-----
Stealth        | 3 4 |  4.0
Dodging        | |  2.8
Spellcasting   | |  2.7
Conjurations   | |  4.5

Action                   |  1- 3 |  4- 6 || total
-------------------------+-------+-------++-------
Melee: Unarmed           |    25 |     4 ||    29
       Constrict         |     8 |       ||     8
       Tentacles         |     3 |       ||     3
 Cast: Magic Dart        |    51 |    10 ||    61
       Searing Ray       |     2 |     7 ||     9
  Use: Scroll            |       |     1 ||     1
Armor: Skin              |     2 |     3 ||     5
Dodge: Dodged            |    22 |     6 ||    28

Table legend: (Time is in decaauts)
 A = Elapsed time spent in this place.
 B = Non-inter-level travel time spent in this place.
 C = Inter-level travel time spent in this place.
 D = Time resting spent in this place.
 E = Time spent auto-exploring this place.
 F = Levels seen in this place.
 G = Mean time per level.
                   A        B        C        D        E       F      G
               +--------+--------+--------+--------+--------+-----+--------+
         Total |   2047 |   2002 |     45 |    692 |    894 |   2 | 1023.5 |
       Dungeon |   2047 |   2002 |     45 |    692 |    894 |   2 | 1023.5 |
               +--------+--------+--------+--------+--------+-----+--------+

Top non-repeatable levels by time:
     D:1: 1505 daAuts
     D:2: 542 daAuts
